 Dungeon Crawl Stone Soup version 0.16.1-16-gc44b35d (webtiles) character file.

46 Trafet the Magician (level 3, 0/16 HPs)
             Began as a Spriggan Wizard on Apr 18, 2015.
             Slain by a worm (8 damage)
             ... on level 2 of the Dungeon.
             The game lasted 00:04:57 (1823 turns).

Trafet the Magician (Spriggan Wizard)               Turns: 1823, Time: 00:04:58

Health: 0/16       AC:  2    Str:  3    XL:     3   Next: 46%
Magic:  1/12       EV: 19    Int: 20    God:
Gold:   62         SH:  0    Dex: 14    Spells: 4 memorised, 1 level left

rFire  . . .     SeeInvis +     e - +0 dagger
rCold  . . .     Clarity  .     a - +0 robe
rNeg   . . .     SustAb   .     (shield restricted)
rPois  .         Gourm    .     b - +0 hat
rElec  .         Spirit   .     (no cloak)
rCorr  .         Warding  .     (gloves unavailable)
rMut   .         Stasis   .     (boots unavailable)
MR     .....                    (no amulet)
Stlth  ++........               (no ring)
                                (no ring)

@: very slightly contaminated, very quick, not resistant to hostile
enchantments, unstealthy
A: unfitting armour, see invisible, herbivore 3, speed 3, slow metabolism 2
a: no special abilities


You were on level 2 of the Dungeon.
You were not hungry.

You visited 1 branch of the dungeon, and saw 2 of its levels.

You collected 62 gold pieces.

Inventory:

Hand weapons
 e - a +0 dagger (weapon)
 h - a +0 hunting sling
 m - a +0 spear
Missiles
 i - 24 stones (quivered)
Armour
 a - a +0 robe (worn)
 b - a +0 hat (worn)
Scrolls
 l - a scroll of fog {unknown}
Potions
 f - a potion of beneficial mutation {unknown}
 g - 2 potions of curing {unknown}
 j - a potion of haste {unknown}
 k - a potion of poison {unknown}
Books
 c - a book of Minor Magic

   Spells                             Type                      Level
   a - Magic Dart                     Conjuration                  1
   b - Blink                          Translocation                2
   c - Call Imp                       Summoning                    2
   d - Repel Missiles                 Charms/Air                   2
   e - Slow                           Hexes                        2
   f - Conjure Flame                  Conjuration/Fire             3
   g - Mephitic Cloud                 Conjuration/Poison/Air       3
Comestibles
 d - 2 bread rations


   Skills:
 + Level 2.2 Short Blades
 + Level 4.2 Dodging
 - Level 3.0 Stealth
 + Level 4.3 Spellcasting
 - Level 0.6 Conjurations
   Level 0.7 Summonings
 - Level 1.5 Translocations


You had one spell level left.
You knew the following spells:

 Your Spells              Type           Power        Failure   Level  Hunger
a - Magic Dart            Conj           #...         12%         1    None
b - Mephitic Cloud        Conj/Pois/Air  #.......     38%         3    ###....
c - Conjure Flame         Conj/Fire      #.......     38%         3    ###....
d - Blink                 Tloc           N/A          12%         2    #......


Dungeon Overview and Level Annotations

Branches:
Dungeon (2/15)

Altars:


Innate Abilities, Weirdness & Mutations

You are tiny and cannot use many weapons and most armour.
You have supernaturally acute eyesight.
You are a herbivore.
You cover ground extremely quickly.
You need consume almost no food.


Message History

Aim: a worm (severely wounded)
The magic dart hits the worm.
The worm is severely wounded.
The worm completely misses you.
Casting: Magic Dart
Confirm with . or Enter, or press ? or * to list all spells.
Aiming: Magic Dart
Press: ? - help, Shift-Dir - straight line, f/p - worm
Aim: a worm (severely wounded)
You miscast Magic Dart.
Your skin glows momentarily.
Casting: Magic Dart
Confirm with . or Enter, or press ? or * to list all spells.
Aiming: Magic Dart
Press: ? - help, Shift-Dir - straight line, f/p - worm
Aim: a worm (severely wounded)
The magic dart hits the worm.
The worm is almost dead.
The worm bites you!
Ouch! That really hurt!
You die...

#..............#
#..............#
#.....########...
#####.###########
#.†........#
##########.# #.#
#.# #@# #w# #.#
#.### #...# ###.#
#... #####


You could see a worm.

Vanquished Creatures
  An adder (D:2)
  A giant mite (D:1)
  2 giant geckos (D:1)
  A giant cockroach (D:1)
  2 goblins
  3 hobgoblins
  3 jackals (D:1)
  5 kobolds
  8 giant newts (D:1)
  4 rats
30 creatures vanquished.

Notes
Turn   | Place    | Note
--------------------------------------------------------------
     0 | D:1      | Trafet, the Spriggan Wizard, began the quest for the Orb.
     0 | D:1      | Reached XP level 1. HP: 9/9 MP: 6/6
   492 | D:1      | Reached skill level 1 in Short Blades
   569 | D:1      | Reached XP level 2. HP: 13/13 MP: 1/9
  1135 | D:1      | Reached XP level 3. HP: 12/16 MP: 1/12
  1796 | D:2      | Learned a level 3 spell: Mephitic Cloud
  1800 | D:2      | Learned a level 3 spell: Conjure Flame
  1803 | D:2      | Learned a level 2 spell: Blink
  1823 | D:2      | Slain by a worm

Action                   || total
-------------------------++-------
Melee: Dagger            ||    11
 Cast: Magic Dart        ||    82
 Stab: Sleeping          ||     1
